 Dungeon Crawl Stone Soup version 0.29.1-12-g30fa7ad0bf (webtiles) character file.

Game seed: 4999758699485318967

1164 hawla the Arsonist (level 8, -1/61 HPs)
             Began as a Meteoran Fire Elementalist on Jan 6, 2023.
             Slain by a human
             ... wielding a +0 club
              (8 damage)
             ... on level 7 of the Dungeon on Jan 7, 2023.
             The game lasted 00:14:24 (2577 turns).

hawla the Arsonist (Meteoran Fire Elementalist)     Turns: 2577, Time: 00:14:24

Health: -1/61      AC:  4    Str: 11    XL:     8   Next: 99%
Magic:  6/19       EV: 13    Int: 18    God:
Gold:   318        SH:  0    Dex: 14    Spells: 13/20 levels left

rFire   . . .      SeeInvis .   q - +2 dagger (venom)
rCold   . . .      Faith    .   (no shield)
rNeg    . . .      Spirit   .   a - +1 robe
rPois   .          Reflect  .   (no helmet)
rElec   .          Harm     .   (no cloak)
rCorr   .          Rampage  .   i - +0 pair of gloves
Will    +....                   (no boots)
Stlth   +.........              (no amulet)
HPRegen 0.20/turn               (no ring)
MPRegen 0.16/turn               (no ring)

@: glowing, studying Fire Magic
A: sense surroundings 1, otherworldly, glowing, explore regen
a: no special abilities


You were on level 7 of the Dungeon.
You visited 1 branch of the dungeon, and saw 7 of its levels.
You also visited: Ossuary.

You collected 318 gold pieces.

Inventory:

Hand Weapons
 q - a +2 dagger of venom (weapon)
Armour
 a - a +1 robe (worn)
 i - a +0 pair of gloves (worn)
Jewellery
 k - an amulet of the acrobat
Wands
 h - a wand of mindburst (27) (quivered)
Scrolls
 j - a scroll of amnesia
Potions
 b - a potion of might
 c - 2 potions of curing
 d - a potion of lignification {unknown}
 e - 2 potions of haste
 f - a potion of mutation
 g - a potion of resistance {unknown}
 l - a potion of brilliance


   Skills:
 + Level 1.9 Fighting
 + Level 0.8 Short Blades
 + Level 3.8 Dodging
 - Level 1.4 Stealth
 + Level 6.7 Spellcasting
 + Level 6.4 Conjurations
 + Level 8.2 Fire Magic
 + Level 0.1 Evocations


You had 13 spell levels left.
You knew the following spells:

 Your Spells              Type           Power      Damage    Failure   Level
a - Foxfire               Conj/Fire      100%       2x1d9     1%          1
b - Scorch                Fire           70%        2d9       1%          2
c - Flame Wave            Conj/Fire      32%        2d9       5%          4

Your spell library contained the following spells:

 Spells                   Type           Power      Damage    Failure   Level
 Conjure Flame            Conj/Fire      32%        6-21      1%          3
 Inner Flame              Hex/Fire       20%        N/A       6%          3
 Iskenderun's Battlesphe  Conj           29%        2d8       22%         5
 Iron Shot                Conj/Erth      8%         9d3       99%         6
 Spellforged Servitor     Conj/Summ      8%         N/A       100%        7


Dungeon Overview and Level Annotations

Branches:
Dungeon (7/15) Zot: 1847  Ossuary (visited)
 Temple: D:4-7

Altars:
Qazlal


Innate Abilities, Weirdness & Mutations

You passively map a small area around you.
You are easily found by Zot.
You glow in the dark.
You regain HP and MP as you explore.


Message History

The human hits you with a +0 club!
Unknown command.
A wave of flame ripples out!
The flame wave engulfs the human.
The human is heavily wounded.
The flame wave engulfs the human!
The human is heavily wounded.
The flame wave engulfs the human!
The human is moderately wounded.
You hear a croak.
A bullfrog comes into view.
A wave of flame ripples out!
The flame wave engulfs the human!
The human is severely wounded.
The flame wave engulfs the human!
The human is severely wounded.
The flame wave engulfs the human but does no damage.
The human is moderately wounded.
You finish channelling waves of flame.
The human hits you with a +0 club! The human hits you with a +0 club.
The human misses you. The human barely misses you.
The human hits you but does no damage. x2
Casting: Flame Wave (dangerous; 5% risk of failure)
Confirm with . or Enter, or press ? or * to list all spells.
Casting: Flame Wave (dangerous; 5% risk of failure)
Press: ? - help, Dir - look around, f - activate A wave of flame ripples out!
The flame wave engulfs the human.
The human is almost dead.
The flame wave engulfs the human.
The human is severely wounded.
The flame wave engulfs the human.
The human is heavily wounded. (Press . to intensify the flame waves.)
The human hits you with a +0 club!
* * * LOW HITPOINT WARNING * * *
The human hits you with a +0 club!
* * * LOW HITPOINT WARNING * * *
The human misses you.
Okay, then.
It was a potion of curing.
You feel better. The human hits you with a +0 club!
* * * LOW HITPOINT WARNING * * *
The human hits you with a +0 club!
You die...

, ,, , * ** ,.... *
*** ***#...##* * '
#....# .. , *....#*
... ### ,...#
,...., , , ###<###,
.F# ..... ***
#.....####p#......,
,
,+.....'...@pp.)...
, *
#.....#####p.#....
* ###+### #.+ , . *
, * .#,, ,* # , * *
, * , , , , , , , *
, , * , ,


You could see 4 humans and a bullfrog.

Vanquished Creatures
  A sky beast (D:4)
  A centaur (D:7)
  2 kobold brigands (D:5)
  An elf zombie (Ossuary)
  A bullfrog (D:7)
  A scorpion (D:5)
  2 necrophages (D:5)
  A jelly (D:6)
  4 hounds
  3 centaur zombies (Ossuary)
  2 iguanas (D:6)
  An orc wizard (D:6)
  A hound zombie (Ossuary)
  2 mummies (Ossuary)
  7 gnolls
  5 adders
  A white imp (D:6)
  2 adder zombies (Ossuary)
  The ghost of Gadrel the Sneak, a weakling MiDe (D:6)
  A dart slug (D:1)
  5 orcs
  A giant cockroach (D:3)
  5 hobgoblins
  8 kobolds (D:5)
  2 ball pythons
  5 goblin zombies (Ossuary)
  6 hobgoblin zombies (Ossuary)
  2 jackal zombies (Ossuary)
  4 kobold zombies (Ossuary)
  An orc zombie (Ossuary)
  A quokka zombie (Ossuary)
  A rat (D:1)
  5 rat zombies (Ossuary)
86 creatures vanquished.

Vanquished Creatures (others)
  198 foxfires
198 creatures vanquished.

Grand Total: 284 creatures vanquished

Notes
Turn   | Place    | Note
-------+----------+-------------------------------------------
     0 | D:1      | hawla the Meteoran Fire Elementalist began the quest for
                  | the Orb.
     0 | D:1      | Reached XP level 1. HP: 14/14 MP: 5/5
    55 | D:1      | Reached XP level 2. HP: 16/20 MP: 3/6
    59 | D:1      | Reached skill level 4 in Fire Magic
    61 | D:1      | Found a faded altar of an unknown god.
    84 | D:1      | Learned a level 2 spell: Scorch
   130 | D:3      | Reached XP level 3. HP: 26/26 MP: 2/8
   153 | D:4      | Noticed a sky beast
   161 | D:4      | Killed a sky beast
   162 | D:4      | Reached skill level 5 in Fire Magic
   162 | D:4      | Reached XP level 4. HP: 19/33 MP: 0/11
   162 | D:4      | Reached XP level 5. HP: 22/38 MP: 0/12
   167 | D:4      | Learned a level 4 spell: Flame Wave
   954 | D:5      | Entered Level 5 of the Dungeon
  1021 | D:5      | Noticed a necrophage
  1025 | D:5      | Killed a necrophage
  1026 | D:5      | Reached XP level 6. HP: 45/45 MP: 8/13
  1054 | D:5      | Reached skill level 5 in Conjurations
  1060 | D:5      | Reached XP level 7. HP: 42/50 MP: 3/14
  1144 | D:5      | Reached skill level 1 in Fighting
  1160 | D:5      | Found a stormy altar of Qazlal.
  1160 | D:5      | Noticed an air elemental
  1161 | D:5      | Noticed a fire elemental
  1161 | D:5      | Noticed a water elemental
  1266 | D:5      | Reached skill level 5 in Spellcasting
  1266 | D:5      | Reached skill level 6 in Fire Magic
  1266 | D:5      | Reached XP level 8. HP: 16/59 MP: 7/16
  1536 | D:6      | Found a runed translucent door.
  1536 | D:6      | Noticed Gadrel's ghost (weakling MiDe)
  1658 | D:6      | Found a sand-covered staircase.
  1666 | Ossuary  | Entered an ossuary
  1738 | Ossuary  | Reached skill level 7 in Fire Magic
  2530 | D:6      | Killed Gadrel's ghost
  2565 | D:7      | Reached skill level 8 in Fire Magic
  2566 | D:7      | Noticed a human
  2567 | D:7      | Noticed a human
  2567 | D:7      | Noticed a human
  2570 | D:7      | Noticed a human
  2577 | D:7      | Slain by a human

Illustrated notes

Levels and vault maps discovered:
D:1:      pf_arrival_petrified_forest, layout_basic, serial_shops,
          nicolae_lakefront_shop, chequers_ecumenical_altar_island
D:2:      layout_loops_ring
D:3:      layout_rooms, nicolae_overflow_crystal_walls, serial_shops,
          nicolae_lakefront_shop, dk_vineyard_1, uniq_robin
D:4:      layout_loops_ring, nicolae_hexahallways, minmay_cupped
D:5:      cheibrodos_thug_alley, layout_rooms, nicolae_qazlal_style_of_elements,
          minmay_tree_intersection
D:6:      layout_basic, chequers_ossuary_entry_cave, gammafunk_ghost_grave
D:7:      statuecave_lemuel, layout_basic, bloody_makhleb,
          mainiacjoe_overflow_two_lobes, minmay_temple_entry_proselytizer,
          minmay_ruffians

Skill      XL: |  1  2  3  4  5  6  7  8 |
---------------+-------------------------+-----
Fire Magic     | 4 5 6 8 |  8.2
Spellcasting   | 3 4 5 6 |  6.7
Conjurations   | 2 4 5 6 |  6.4
Dodging        | 3 |  3.8
Fighting       | 1 |  1.9
Short Blades   | |  0.8
Stealth        | |  1.4
Evocations     | |  0.1

Action                   |  1- 3 |  4- 6 |  7- 9 || total
-------------------------+-------+-------+-------++-------
Melee: Unarmed           |     3 |     2 |     1 ||     6
       Dagger            |       |       |    52 ||    52
       Punch             |       |       |     1 ||     1
 Cast: Foxfire           |    14 |    25 |    73 ||   112
       Scorch            |     3 |     6 |    31 ||    40
       Flame Wave        |       |     1 |     8 ||     9
Evoke: Wand              |       |       |     2 ||     2
  Use: Potion            |       |       |     5 ||     5
       Scroll            |       |       |    14 ||    14
Armor: Robe              |       |     1 |    27 ||    28
Dodge: Dodged            |     3 |     6 |    61 ||    70
